AoeStats
← 平民老百姓

Arena

504418262Analyzed
4v4 RM · 27d ago on Sep 5, 2026· 62m 58s· 8 players
Game mode
Random Map
Map size
Large (8 player)
Population
200
Speed
Normal
Resources
Standard
Victory
Conquest
Starting age
Dark Age
Ending age
Imperial Age
RankedLock teamsTeams togetherTeam positionsShared explorationLock speedFull tech treeHidden civsTurbo modeCheats
Victory
Defeat
🇹🇼 Spanish · Taiwan
1217
+14
🇵🇪 Ethiopians · Peru
1195
+15
🇲🇽 Jurchens · Mexico
1182
+16
🇭🇰 Vikings · Hong Kong SAR China
1161
+29
🇹🇼 Aztecs · Taiwan
1330
-21
🇭🇰 Britons · Hong Kong SAR China
1191
-16
🇨🇳 Georgians · China
1135
-14
🇹🇼 Sicilians · Taiwan
1064
-11
royalchen
10:04 Feudal Age
13:54 Castle Age
12:29 Double-Bit Axe
12:58 Horse Collar
13:13 Loom
17:01 Sanctity
19:15 Redemption
19:55 Fervor
30:01 Bow Saw
30:55 Heavy Plow
34:37 Imperial Age
33:38 Wheelbarrow
33:46 Gold Mining
33:46 Stone Mining
34:07 Fletching
35:35 Block Printing
35:56 Theocracy
36:10 Forging
36:00 Scale Mail Armor
36:34 Bodkin Arrow
37:26 Garland Wars
36:57 Pikeman
37:46 Squires
39:32 Iron Casting
39:13 Chain Mail Armor
39:48 Chain Mail Armor
50:28 Hand Cart
51:48 Blast Furnace
51:18 Plate Mail Armor
52:27 Plate Mail Armor
Fruit
10:19 Feudal Age
16:17 Castle Age
15:36 Double-Bit Axe
15:36 Horse Collar
17:34 Bow Saw
20:07 Stone Mining
23:30 Scale Mail Armor
29:16 Heavy Plow
30:29 Pikeman
31:32 Forging
36:45 Imperial Age
34:52 Wheelbarrow
34:55 Iron Casting
34:36 Chain Mail Armor
35:28 Gold Mining
36:13 Stone Shaft Mining
36:55 Murder Holes
37:08 Halberdier
37:50 Halberdier
38:54 Conscription
39:45 Plate Mail Armor
40:51 Blast Furnace
43:32 Bloodlines
43:23 Husbandry
43:27 Fletching
45:24 Cavalier
47:13 Heavy Scorpion
48:06 Scale Barding Armor
49:50 Gold Shaft Mining
49:49 Crop Rotation
51:19 Bodkin Arrow
51:25 Padded Archer Armor
51:17 Crossbowman
53:34 Chemistry
白桃桃
9:38 Feudal Age
10:14 Double-Bit Axe
15:26 Castle Age
13:14 Horse Collar
15:54 Loom
18:53 Bow Saw
22:27 Wheelbarrow
22:39 Town Watch
24:00 Stone Mining
24:46 Heavy Plow
24:44 Gold Mining
26:24 Stone Shaft Mining
29:19 Imperial Age
27:33 Forging
27:35 Treadmill Crane
28:54 Iron Casting
28:25 Scale Barding Armor
30:33 Hand Cart
30:50 Crop Rotation
30:21 Fletching
31:32 Blast Furnace
31:32 Husbandry
31:42 Bloodlines
32:22 Conscription
31:23 Elite Monaspa
33:07 Bodkin Arrow
34:03 Chain Barding Armor
36:03 Plate Barding Armor
36:21 Herbal Medicine
36:45 Masonry
36:57 Ballistics
38:01 Guilds
38:23 Onager
39:32 Siege Engineers
40:29 Chemistry
39:49 Ballistics
40:58 Caravan
45:08 Light Cavalry
46:36 Coinage
47:38 Padded Archer Armor
47:39 Bracer
48:56 Banking
48:30 Heavy Scorpion
49:42 Svan Towers
50:57 Pikeman
51:38 Squires
52:38 Scale Mail Armor
53:20 Halberdier
54:17 Hussar
60:19 Architecture
EBE_3
7:55 Loom
10:48 Feudal Age
11:54 Double-Bit Axe
14:42 Castle Age
12:37 Horse Collar
15:54 Bow Saw
15:44 Heavy Plow
23:16 Wheelbarrow
25:09 Hand Cart
26:53 Fletching
29:54 Imperial Age
27:10 Town Watch
28:02 Loom
28:16 Gold Mining
31:45 Bodkin Arrow
33:02 Ballistics
33:31 Conscription
33:39 Bracer
34:40 Chemistry
35:28 Padded Archer Armor
35:10 Treadmill Crane
35:55 Siege Engineers
37:02 Gold Shaft Mining
37:28 Two-Man Saw
37:05 Warwolf
37:19 Murder Holes
37:40 Arrowslits
38:32 Crossbowman
39:22 Elite Skirmisher
39:22 Arbalester
41:53 Leather Archer Armor
43:43 Ring Archer Armor
44:20 Town Patrol
47:00 Yeomen
49:39 Stone Mining
50:00 Forging
51:02 Masonry
51:54 Guilds
52:14 Coinage
52:17 Architecture
54:09 Scale Mail Armor
54:44 Iron Casting
54:13 Guard Tower
55:39 Pikeman
56:20 Squires
56:05 Arson
56:32 Fortified Wall
57:01 Keep
56:29 Halberdier
57:47 Chain Mail Armor
58:32 Blast Furnace
RedKing
12:03 Feudal Age
12:42 Double-Bit Axe
12:38 Horse Collar
12:49 Gold Mining
15:31 Castle Age
16:44 Bow Saw
19:50 Wheelbarrow
19:14 Loom
20:17 Scale Mail Armor
20:51 Heavy Plow
28:28 Imperial Age
26:21 Town Watch
27:45 Scale Barding Armor
27:50 Forging
27:57 Fletching
28:46 Bloodlines
28:36 Husbandry
29:19 Chain Barding Armor
30:07 Iron Casting
30:22 Gold Shaft Mining
32:39 Plate Barding Armor
32:14 Devotion
32:09 Elite Steppe Lancer
35:01 Blast Furnace
39:28 Conscription
47:36 Stone Mining
48:52 Hand Cart
49:07 Caravan
58:06 Fletching
58:16 Padded Archer Armor
59:09 Bodkin Arrow
60:31 Bracer
61:35 Chemistry
平民老百姓
2:00 Loom
10:32 Feudal Age
16:12 Castle Age
14:16 Stone Mining
14:14 Horse Collar
14:56 Double-Bit Axe
17:20 Heavy Plow
25:59 Imperial Age
24:08 Bow Saw
24:48 Gold Mining
25:43 Fletching
30:42 Wheelbarrow
33:15 Hand Cart
37:52 Conscription
40:07 Hoardings
40:04 Elite Conquistador
44:44 Two-Man Saw
44:04 Pikeman
44:44 Squires
45:07 Forging
44:57 Scale Mail Armor
46:15 Halberdier
49:38 Iron Casting
49:18 Chain Mail Armor
52:57 Stone Shaft Mining
53:48 Chemistry
53:00 Careening
59:57 Blast Furnace
59:27 Plate Mail Armor
59:52 Arson
JK_TheBest
9:06 Feudal Age
10:22 Wheelbarrow
14:24 Castle Age
12:58 Double-Bit Axe
13:41 Gold Mining
16:19 Horse Collar
17:10 Scale Mail Armor
19:40 Forging
21:27 Squires
23:41 Chain Mail Armor
24:48 Heavy Plow
25:01 Bow Saw
25:14 Crossbowman
25:51 Fletching
26:33 Padded Archer Armor
27:16 Bodkin Arrow
28:13 Leather Archer Armor
28:32 Ballistics
29:07 Thumb Ring
34:48 Imperial Age
36:33 Chemistry
35:36 Bracer
37:07 Ring Archer Armor
36:29 Arbalester
42:08 Siege Engineers
42:45 Conscription
43:49 Torsion Engines
46:44 Light Cavalry
47:24 Husbandry
48:06 Hussar
49:32 Iron Casting
49:02 Scale Barding Armor
50:19 Two-Man Saw
51:41 Blast Furnace
51:55 Chain Barding Armor
55:07 Hand Cart
56:27 Elite Skirmisher
58:11 Loom
CNZS_QiangGE
10:19 Feudal Age
11:55 Loom
14:50 Castle Age
13:55 Double-Bit Axe
13:53 Horse Collar
16:12 Bow Saw
22:10 Fletching
24:42 Bodkin Arrow
47:44 Gold Mining
48:54 Town Watch
50:05 Stone Mining
53:02 Imperial Age
52:01 Town Patrol
52:39 Padded Archer Armor
54:03 Heavy Plow
55:04 Two-Man Saw
54:06 Bracer
54:38 Ballistics
55:19 Chemistry
55:40 Conscription
55:38 Leather Archer Armor
55:58 Crop Rotation
56:10 Siege Engineers
57:52 Ring Archer Armor
57:22 Murder Holes
57:38 Masonry
57:32 Crossbowman
57:34 Elite Skirmisher
58:22 Treadmill Crane
59:54 Bogsveigar
60:32 Hoardings
59:28 Arbalester
Connection lost

Rejoining the realm…

Still unreachable

The connection could not be restored.

Session expired

The server has moved on; the page needs a fresh start.